 Dungeon Crawl Stone Soup version 0.19-a0-526-gbe2e51c (webtiles) character file.

442 nubinia the Grasshopper (level 6, 7/41 HPs)
             Began as a High Elf Warper on June 6, 2016.
             Quit the game on level 4 of the Dungeon on June 7, 2016.
             The game lasted 00:43:40 (7933 turns).

nubinia the Grasshopper (High Elf Warper)           Turns: 7933, Time: 00:43:40

Health: 7/41       AC:  5    Str:  7 (10) XL:     6   Next: 71%
Magic:  9/12       EV: 13    Int: 18      God:
Gold:   118        SH:  0    Dex: 15 (16) Spells: 3 memorised, 7 levels left

rFire  . . .     SeeInvis .     a - +1 short sword
rCold  . . .     Gourm    .     b - +1 leather armour
rNeg   . . .     Faith    .     (no shield)
rPois  .         Spirit   .     (no helmet)
rElec  .         Dismiss  .     (no cloak)
rCorr  .         Reflect  .     (no gloves)
SustAt .         Harm     .     r - +0 pair of boots
MR     .....                    (no amulet)
Stlth  +.........               (no ring)
                                (no ring)

@: not resistant to hostile enchantments, very unstealthy
A: no striking features
a: no special abilities


You were on level 4 of the Dungeon.
You were hungry.

You visited 1 branch of the dungeon, and saw 5 of its levels.

You collected 118 gold pieces.

Inventory:

Hand Weapons
 a - a +1 short sword (weapon)
Missiles
 e - 5 tomahawks of dispersal (quivered)
 k - 31 arrows
Armour
 b - a +1 leather armour (worn)
 r - a +0 pair of boots (worn)
Wands
 m - a wand of paralysis (7/24)
Scrolls
 d - 2 scrolls of blinking
 n - 2 scrolls of teleportation
 o - a scroll of magic mapping
 q - 2 scrolls of immolation
 u - a scroll of remove curse
Potions
 g - a potion of curing
 h - a potion of cure mutation
 j - a potion of lignification {unknown}
Books
 c - a book of Spatial Translocations

   Spells                             Type                      Level
   a - Apportation                    Translocation                1
   b - Blink                          Translocation                2
   c - Shroud of Golubria             Charms/Translocation         2
   d - Portal Projectile              Translocation                3
   e - Teleport Other                 Translocation                3
   f - Passage of Golubria            Translocation                4
Comestibles
 f - 3 bread rations
 l - 7 fruits
 p - a meat ration


   Skills:
 + Level 2.8 Fighting
 + Level 3.5 Short Blades
 + Level 1.0 Throwing
 + Level 2.0 Armour
 + Level 3.8 Dodging
 + Level 0.2 Stealth
 + Level 3.9 Spellcasting
 + Level 3.9 Charms
 + Level 4.1 Translocations


You had 7 spell levels left.
You knew the following spells:

 Your Spells              Type           Power        Failure   Level  Hunger
a - Apportation           Tloc           ###.......   4%          1    None
b - Blink                 Tloc           N/A          8%          2    ##.....
g - Shroud of Golubria    Chrm/Tloc      ###.......   8%          2    ##.....


Dungeon Overview and Level Annotations

Branches:
Dungeon (5/15)
 Temple: D:4-7

Altars:
Dithmenos
Pakellas
Qazlal
Uskayaw
Zin
The Shining One

Shops:
D:2 }

Annotations:
D:2 Sigmund
D:3 Xiguana's ghost, amateur HOFi
D:4 Pikel


Message History

You hit the orc.
The orc is lightly wounded.
The orc misses you.
The orc throws a stone.
The stone misses you.
You hit the orc but do no damage. The orc hits you but does no damage.
The orc throws a stone.
The stone barely misses you.
You hit the orc.
The orc is lightly wounded.
The orc misses you.
The orc throws a stone.
The stone barely misses you.
You closely miss the orc.
The orc is lightly wounded.
The orc throws a stone.
The stone closely misses you.
You hit the orc but do no damage.
The orc is lightly wounded.
The orc completely misses you.
You barely miss the orc.
The orc is lightly wounded.
The orc hits you with a mace.
* * * LOW HITPOINT WARNING * * *
The orc throws a stone.
The stone hits you but does no damage.
Are you sure you want to abandon this character and quit the game? (Confirm with "yes".)

#o#..............# .#
#.#.###......<#..###.#
#.....................
###.#....o.....#....##
#.#..........#..###
#.'..........#..###### #
###..........'........ . ...
#.........o#.%##### .# #..
##......#..@#..#######.###..
#.......'..(.............+..
#.......#..........o...# #..
#.......###............# #..
##.....#.# #............#
#.. #......#o#
#............# #..
#......#o#
#...........o###..
#.....r#.#
#.................
#......#p#
###...............


You could see 2 orcs.

Vanquished Creatures
  A slave (D:3)
  A scorpion (D:4)
  A water moccasin skeleton (D:5)
  A crimson imp (D:3)
  A hound (D:5)
  2 giant frog skeletons
  Jessica (D:2)
  A howler monkey zombie (D:5)
  6 adders
  An ooze (D:5)
  A worm (D:2)
  A dart slug (D:1)
  6 giant geckos
  8 orcs
  11 bats
  3 giant cockroaches
  10 goblins
  6 hobgoblins
  15 jackals
  5 quokkas
  2 ball pythons
  5 giant newts
  11 kobolds
  11 rats
111 creatures vanquished.

Notes
Turn   | Place    | Note
--------------------------------------------------------------
     0 | D:1      | nubinia the High Elf Warper began the quest for the Orb.
     0 | D:1      | Reached XP level 1. HP: 14/14 MP: 4/4
   324 | D:1      | Reached XP level 2. HP: 19/19 MP: 6/6
   328 | D:1      | Learned a level 2 spell: Blink
   331 | D:1      | Learned a level 2 spell: Shroud of Golubria
   437 | D:1      | Reached skill level 1 in Charms
  1262 | D:1      | Reached XP level 3. HP: 22/24 MP: 4/7
  1434 | D:2      | Noticed Jessica
  1538 | D:2      | Killed Jessica
  1877 | D:2      | Reached skill level 1 in Armour
  1877 | D:2      | Reached XP level 4. HP: 23/29 MP: 5/8
  2545 | D:2      | Noticed Sigmund
  2552 | D:3      | Noticed Xiguana's ghost (amateur HOFi)
  3319 | D:2      | Found an oddly glowing altar of Pakellas.
  3319 | D:2      | Found Pakellas's Prime Provisions.
  4456 | D:5      | Entered Level 5 of the Dungeon
  4459 | D:5      | Reached XP level 5. HP: 15/34 MP: 10/10
  4793 | D:4      | Noticed a slave
  4800 | D:4      | Noticed Pikel
  4900 | D:3      | Found a shadowy altar of Dithmenos.
  5424 | D:3      | Found a hide-covered altar of Uskayaw.
  5672 | D:3      | Killed a slave
  5902 | D:4      | Noticed a slave
  6238 | D:2      | Upgraded the game from 0.19-a0-517-gd6a9987 to 0.19-a0-526-gbe2e51c
  6941 | D:4      | Noticed a slave
  6941 | D:4      | Noticed a slave
  7019 | D:5      | Reached XP level 6. HP: 39/41 MP: 12/12
  7320 | D:5      | Found a glowing silver altar of Zin.
  7452 | D:5      | Found a stormy altar of Qazlal.
  7456 | D:5      | Found a glowing golden altar of the Shining One.
  7467 | D:5      | Found a stormy altar of Qazlal.
  7489 | D:4      | Reached skill level 4 in Translocations
  7933 | D:4      | Quit the game

Vault maps used:
D:1:      wheals_arrival_linesprint
D:2:      johnstein_pakellas_shop, uniq_sigmund, uniq_jessica
D:3:      lemuel_doored_altar, grunt_dithmenos_smoke_and_mirrors
D:4:      lemuel_crystal_altar, kennysheep_mini, first_bread, uniq_pikel
D:5:      zin_academy, lemuel_crystal_altar, basic_altar, tso_metal_star

Skill      XL: |  1  2  3  4  5  6 |
---------------+-------------------+-----
Charms         | 2 3 |  3.9
Armour         | 1 2 |  2.0
Spellcasting   | 3 |  3.9
Dodging        | 3 |  3.8
Short Blades   | 3 |  3.5
Translocations | 4 |  4.1
Fighting       | |  2.8
Throwing       | |  1.0
Stealth        | |  0.2

Action                   |  1- 3 |  4- 6 || total
-------------------------+-------+-------++-------
Melee: Short sword       |   113 |   525 ||   638
 Cast: Apportation       |     9 |     3 ||    12
       Shroud of Golubri |    12 |    67 ||    79
       Blink             |     2 |     5 ||     7
Evoke: Wand              |       |     1 ||     1
  Use: Scroll            |     6 |     9 ||    15
       Potion            |       |     5 ||     5
 Stab: Sleeping          |     2 |     1 ||     3
       Paralysed         |       |     3 ||     3
  Eat: Chunk             |     3 |    21 ||    24
       Fruit             |       |     1 ||     1
       Pizza             |       |     1 ||     1
Armor: Leather armour    |    27 |   170 ||   197
       Skin              |       |     1 ||     1
Dodge: Dodged            |    67 |   428 ||   495
